 Dungeon Crawl Stone Soup version 0.23.1 (webtiles) character file.

Game seed: 0

301 glosham the Skirmisher (level 6, -3/57 HPs)
             Began as a Centaur Conjurer on Mar 1, 2019.
             Was a Follower of Trog.
             Slain by lapinsky's ghost (12 damage)
             ... on level 3 of the Dungeon.
             The game lasted 00:30:00 (3351 turns).

glosham the Skirmisher (Centaur Conjurer)           Turns: 3351, Time: 00:30:02

Health: -3/57      AC:  5    Str: 12      XL:     6   Next: 14%
Magic:  8/8        EV:  8    Int: 14      God:    Trog [*.....]
Gold:   156        SH:  0    Dex:  4 (10) Spells: 7/8 levels left

rFire    . . .     SeeInvis .   a - +0 war axe
rCold    . . .     Gourm    .   (no shield)
rNeg     + . .     Faith    .   i - +0 ring mail
rPois    .         Spirit   .   (no helmet)
rElec    .         Reflect  .   (no cloak)
rCorr    +         Harm     .   (no gloves)
MR       +....     Clarity  +   (no barding)
Stlth    ..........             (no amulet)
HPRegen  0.19/turn              A - ring of positive energy
MPRegen  0.11/turn              B - ring of resist corrosion

@: berserk cooldown, slowed
A: large, hooves 3, clarity, deformed body, speed 2, magic resistance 1, tough
skin 3
a: Berserk, Renounce Religion


You were on level 3 of the Dungeon.
You worshipped Trog.
Trog was aware of your devotion.
You were hungry.

You visited 1 branch of the dungeon, and saw 3 of its levels.

You collected 156 gold pieces.

Inventory:

Hand Weapons
 a - a +0 war axe (weapon)
 b - a +0 spear
 c - a +0 hunting sling
 m - a +0 blowgun
Missiles
 d - 36 sling bullets
 g - 29 bolts
 h - 50 arrows
 n - 6 poisoned needles
 q - 13 stones (quivered)
Armour
 i - a +0 ring mail (worn)
Jewellery
 A - a ring of positive energy (left hand)
 B - a ring of resist corrosion (right hand)
Scrolls
 k - a scroll of teleportation
 l - 4 scrolls of blinking
 o - a scroll of remove curse
Potions
 r - 4 potions of curing
 s - a potion of heal wounds
Comestibles
 e - 5 rations
 p - 2 chunks of flesh


   Skills:
 * Level 6.1 Fighting
 - Level 1.3 Dodging
 - Level 1.1 Stealth
 - Level 1.5 Spellcasting
 - Level 3.6 Conjurations


You had 7 spell levels left.
You knew the following spells:

 Your Spells              Type           Power        Failure   Level  Hunger
Y - Magic Dart            Conj           ##..         13%         1    ##.....

Your spell library contained the following spells:

 Spells                   Type           Power        Failure   Level  Hunger
 Searing Ray              Conj           ##....       21%         2    ###....
 Dazzling Spray           Conj/Hex       #.....       63%         3    ####...
 Iskenderun's Mystic Bla  Conj           ##......     78%         4    #####..
 Force Lance              Conj/Tloc      #.......     95%         4    #####..
 Fulminant Prism          Conj/Hex       #.........   95%         4    #####..


Dungeon Overview and Level Annotations

Branches:
Dungeon (3/15)

Altars:
Trog

Annotations:
D:3 1 transporter, lapinsky's ghost, amateur HOFi


Innate Abilities, Weirdness & Mutations

You have hooves in place of feet.
Armour fits poorly on your strangely shaped body.
You cover ground very quickly.
You have extremely tough skin. (AC +3)
You possess an exceptional clarity of mind.
You are resistant to hostile enchantments. (MR+)


Message History

The quasit bites you but does no damage.
The quasit claws you but does no damage.
The quasit claws you. Lapinsky's ghost hits you! The quasit bites you.
The quasit closely misses you. x2
You hit the quasit but do no damage. Your kick misses the quasit.
The quasit is almost dead.
You hit lapinsky's ghost but do no damage.
Lapinsky's ghost hits you!
The quasit bites you but does no damage.
The quasit claws you.
You feel clumsy. The quasit claws you.
You closely miss the quasit. Your kick misses the quasit.
The quasit is almost dead.
You hit lapinsky's ghost but do no damage.
The quasit bites you.
The quasit claws you but does no damage.
The quasit barely misses you. Lapinsky's ghost hits you!
* * * LOW HITPOINT WARNING * * *
You closely miss the quasit.
The quasit is almost dead.
You barely miss lapinsky's ghost. The quasit barely misses you.
The quasit claws you.
* * * LOW HITPOINT WARNING * * *
The quasit claws you.
* * * LOW HITPOINT WARNING * * *
You feel clumsy.
Lapinsky's ghost shrieks, "You must not succeed where I failed!"
Lapinsky's ghost closely misses you.
The quasit bites you but does no damage.
The quasit claws you but does no damage.
The quasit claws you.
* * * LOW HITPOINT WARNING * * *
You closely miss the quasit.
The quasit is severely wounded.
You hit lapinsky's ghost.
You are no longer berserk.
You are exhausted.
You feel yourself slow down. Lapinsky's ghost hits you!
You die...

#.# #.######.. #..##..... ..#
#.........## ## .##.........
#.# ##.###..###. .###.
##.####### #<####.###.# ..
...# #..........# #.#...
#.####.###.#..#.#.. #.. #.#
#.# #.##.....#.##.# #.#
#.###..#..#...# #.# #.#
#.##..©#[=5@# #.# #.#
#.##...#$#W....##.## #.###
#.# ##.##..##.#...#.#©..#
#.... #.# #.#....#
.#.##..##..# ##### #.#
##.###.#.#...#...#..#########
#.# ###
#.##..#....##.......>... #.#
#..#...©. ##..##.##..... #.#
##.##.#####..###.##.####
#.####### #.[###......#
#.##.#


You could see a quasit and lapinsky's ghost.

Vanquished Creatures
  A centaur zombie (D:2)
  A quasit (D:3)
  Natasha (thrice) (D:3)
  An orc wizard (D:3)
  3 gnolls (D:2)
  3 adders (D:3)
  An ooze (D:3)
  3 dart slugs
  2 leopard geckos
  5 orcs (D:3)
  4 ball pythons
  8 bats
  2 giant cockroaches (D:1)
  5 hobgoblins (D:1)
  4 jackals
  A quokka (D:3)
  6 frilled lizards
  4 goblins
  4 kobolds
  10 rats
71 creatures vanquished.

Notes
Turn   | Place    | Note
-------+----------+-------------------------------------------
     0 | D:1      | glosham the Centaur Conjurer began the quest for the Orb.
     0 | D:1      | Reached XP level 1. HP: 14/14 MP: 3/3
    56 | D:1      | Reached skill level 1 in Fighting
   101 | D:3      | Reached skill level 2 in Fighting
   101 | D:3      | Reached XP level 2. HP: 6/24 MP: 0/4
   117 | D:1      | HP: 2/24 [poisoned by an adder]
   321 | D:2      | Found a bloodstained altar of Trog.
   329 | D:2      | Became a worshipper of Trog the Wrathful
   511 | D:1      | Reached XP level 3. HP: 20/30 MP: 5/5
   796 | D:1      | Reached skill level 3 in Fighting
  1011 | D:2      | Reached XP level 4. HP: 24/40 MP: 6/6
  1569 | D:2      | Reached skill level 4 in Fighting
  1735 | D:2      | Reached * piety under Trog
  1753 | D:2      | Found a faded altar of an unknown god.
  2148 | D:3      | Reached XP level 5. HP: 47/47 MP: 7/7
  2429 | D:3      | Noticed Natasha
  2494 | D:3      | Reached skill level 5 in Fighting
  2559 | D:3      | Killed Natasha
  2740 | D:3      | Noticed Natasha
  2773 | D:3      | Killed Natasha
  3084 | D:3      | Noticed Natasha
  3094 | D:3      | Killed Natasha
  3238 | D:3      | Reached XP level 6. HP: 57/57 MP: 8/8
  3263 | D:3      | Found a transporter.
  3276 | D:3      | Found a transporter.
  3329 | D:3      | Noticed lapinsky's ghost (amateur HOFi)
  3335 | D:3      | Gained mutation: You have a pair of small antennae on your
                  | head. [potion of mutation]
  3335 | D:3      | Lost mutation: You have a pair of small antennae on your
                  | head. [potion of mutation]
  3335 | D:3      | Gained mutation: You possess an exceptional clarity of
                  | mind. [potion of mutation]
  3335 | D:3      | Gained mutation: You are resistant to hostile enchantments.
                  | (MR+) [potion of mutation]
  3346 | D:3      | Reached skill level 6 in Fighting
  3351 | D:3      | Slain by lapinsky's ghost

Skill      XL: |  1  2  3  4  5  6 |
---------------+-------------------+-----
Fighting       | 2 3 4 5 6 |  6.1
Dodging        | |  1.3
Stealth        | |  1.1
Spellcasting   | |  1.5
Conjurations   | |  3.6

Action                   |  1- 3 |  4- 6 || total
-------------------------+-------+-------++-------
Melee: Unarmed           |    40 |       ||    40
       Kick              |    16 |    18 ||    34
       Spear             |    81 |    41 ||   122
       War axe           |       |   111 ||   111
 Cast: Magic Dart        |    16 |       ||    16
Invok: Berserk           |       |     1 ||     1
  Use: Scroll            |     3 |     3 ||     6
       Potion            |       |     2 ||     2
  Eat: Chunk             |       |     7 ||     7
Armor: Robe              |    28 |       ||    28
       Ring mail         |    33 |    99 ||   132
Dodge: Dodged            |    54 |    87 ||   141

Table legend:
 A = Turns spent in this place as a percentage of turns spent in the entire game.
 B = Non-inter-level travel turns spent in this place as a percentage of non-inter-level travel turns spent in the entire game.
 C = Inter-level travel turns spent in this place as a percentage of turns spent in this place.
 D = Turns resting spent in this place as a percentage of non-inter-level travel turns spent in this place.
 E = Turns spent auto-exploring this place as a percentage of non-inter-level travel turns spent in this place.
 F = Non-inter-level travel turns spent in this place divided by the number of levels of this place that you've seen.
                   A       B       C       D       E      F
               +-------+-------+-------+-------+-------+----------------------
         Total | 100.0 | 100.0 |   3.3 |  30.4 |   5.9 | 1079.7
       Dungeon | 100.0 | 100.0 |   3.3 |  30.4 |   5.9 | 1079.7
               +-------+-------+-------+-------+-------+----------------------

Table legend:
 A = Kills in this place as a percentage of kills in entire the game.
 B = Kills by you in this place as a percentage of kills by you in the entire game.
 C = Kills by friends in this place as a percentage of kills by friends in the entire game.
 D = Other kills in this place as a percentage of other kills in the entire game.
 E = Experience gained in this place as a percentage of experience gained in the entire game.
 F = Experience gained in this place divided by the number of levels of this place that you have seen.
                   A       B       C       D       E      F
               +-------+-------+-------+-------+-------+----------------------
         Total | 100.0 | 100.0 |   N/A |   N/A | 100.0 | 143.3
       Dungeon | 100.0 | 100.0 |   N/A |   N/A | 100.0 | 143.3
               +-------+-------+-------+-------+-------+----------------------

Levels and vault maps discovered:
D:1:      elethiomel_arrival_maze, layout_basic
D:2:      layout_basic, lightli_temple_of_fire, serial_corexii_hall,
          corexii_hall_statues_u, corexii_hall_statues_i,
          chequers_ecumenical_altar_simple_redux, minivault_4,
          guppyfry_early_lair_pool
D:3:      layout_loops_ring, gammafunk_ghost_stat_death, corexii_shack,
          uniq_natasha
